 Dungeon Crawl Stone Soup version 0.28-a0-861-ge64d6db94f (webtiles) character file.

Game seed: 7161935093427429886

60 bande the Skirmisher (level 4, -4/29 HPs)
             Began as a Gargoyle Fighter on Nov 15, 2021.
             Slain by a gnoll (8 damage)
             ... on level 3 of the Dungeon.
             The game lasted 00:03:12 (2577 turns).

bande the Skirmisher (Gargoyle Fighter)             Turns: 2577, Time: 00:03:12

Health: -4/29      AC: 13    Str: 21    XL:     4   Next: 6%
Magic:  4/4        EV:  7    Int: 14    God:
Gold:   50         SH:  5    Dex: 15    Spells: 3/3 levels left

rFire   . . .      SeeInvis .   a - +0 war axe
rCold   . . .      Faith    .   c - +0 buckler
rNeg    + . .      Spirit   .   g - +0 chain mail
rPois   ∞          Reflect  .   (no helmet)
rElec   +          Harm     .   (no cloak)
rCorr   .          Rampage  .   (no gloves)
Will    .....                   (no boots)
Stlth   ..........              (no amulet)
HPRegen 0.09/turn               i - +6 ring of intelligence
MPRegen 0.09/turn               e - +6 ring of dexterity

@: no status effects
A: sickness immunity, AC +3, negative energy resistance 1, electricity
resistance, torment resistance 1, petrification resistance
a: no special abilities


You were on level 3 of the Dungeon.
You visited 1 branch of the dungeon, and saw 3 of its levels.

You collected 50 gold pieces.

Inventory:

Hand Weapons
 a - a +0 war axe (weapon)
Armour
 c - a +0 buckler (worn)
 g - a +0 chain mail (worn)
Jewellery
 e - a +6 ring of dexterity (right hand)
 i - a +6 ring of intelligence (left hand)
Scrolls
 b - a scroll of magic mapping
Potions
 d - a potion of might
 f - a potion of ambrosia
 h - a potion of degeneration {unknown}
 k - a potion of heal wounds {unknown}


   Skills:
 + Level 3.9 Fighting
 + Level 2.5 Axes
 + Level 3.8 Armour
 + Level 3.7 Shields


You had 3 spell levels left.
You didn't know any spells.
Your spell library was empty.

Dungeon Overview and Level Annotations

Branches:
Dungeon (3/15)

Altars:
Hepliaklqana
Yredelemnul


Innate Abilities, Weirdness & Mutations

You are immune to sickness and miasma.
Your stone body is resilient. (AC +3)
You are immune to poison.
You resist negative energy. (rN+)
You are resistant to electric shocks. (rElec)
You are resistant to unholy torment.
You are immune to petrification.


Message History

You block the gnoll's attack.
You hit the gnoll.
The gnoll is moderately wounded.
The gnoll hits you with a +0 halberd!
A gnoll comes into view.
It is wielding a +3 flail of holy wrath.
You block the gnoll's attack.
You hit the gnoll.
The gnoll is heavily wounded.
The gnoll completely misses you.
You closely miss the gnoll.
The gnoll is heavily wounded.
The gnoll barely misses you.
You hit the gnoll.
The gnoll is severely wounded.
You block the gnoll's attack. The gnoll hits you with a +0 halberd.
You are too injured to fight recklessly!
You are too injured to fight recklessly!
You are too injured to fight recklessly!
You are too injured to fight recklessly!
You are too injured to fight recklessly!
You are too injured to fight recklessly!
You are too injured to fight recklessly!
You are too injured to fight recklessly!
Unknown command.
You slash the gnoll!
The gnoll is severely wounded.
You slash the gnoll!
You kill the gnoll!
The gnoll hits you with a +3 flail of holy wrath.
You have reached level 4!
You feel stronger.
You barely miss the gnoll.
The gnoll is severely wounded.
The gnoll hits you but does no damage.
The gnoll hits you with a +3 flail of holy wrath!
* * * LOW HITPOINT WARNING * * *
You barely miss the gnoll.
The gnoll is severely wounded.
The gnoll hits you with a +3 flail of holy wrath!
You die...

##.# #.......####
#†# #.##.#### #.#
#.##.# #.# #.##.#
#.# #.##.# #.#
#.##.# #.# #.##.#
#.#
##.##.#####*****
#.#
#..@g......,,,,*
#.#
##.#).#####***,*
#.# #.......,,*
*,* ##.#
###..####,* *,*
...######### *..#
*,* *,*
.###.......# *..#
**,* *,* .#
#.#####.######..#
*,,* *,* .#
#.##............#
*,** *,* .#
#.##.#..######.**
*,* *,*


You could see a gnoll.

Vanquished Creatures
  A gnoll (D:3)
  A worm (D:2)
  2 dart slugs
  2 bats
  2 endoplasms (D:1)
  4 giant cockroaches
  6 goblins
  2 hobgoblins
  2 jackals (D:3)
  2 quokkas (D:3)
  3 ball pythons
  4 frilled lizards
  2 kobolds (D:1)
  8 rats
41 creatures vanquished.

Vanquished Creatures (others)
  5 plants (D:3)
5 creatures vanquished.

Grand Total: 46 creatures vanquished

Notes
Turn   | Place    | Note
-------+----------+-------------------------------------------
     0 | D:1      | bande the Gargoyle Fighter began the quest for the Orb.
     0 | D:1      | Reached XP level 1. HP: 14/14 MP: 1/1
   293 | D:1      | Reached XP level 2. HP: 19/19 MP: 2/2
   822 | D:1      | Reached XP level 3. HP: 24/24 MP: 3/3
  1155 | D:2      | Found a faded altar of an unknown god.
  2195 | D:3      | Found a hazy altar of Hepliaklqana.
  2531 | D:3      | Found a basalt altar of Yredelemnul.
  2576 | D:3      | Reached XP level 4. HP: 11/29 MP: 4/4
  2577 | D:3      | Slain by a gnoll

Illustrated notes

Levels and vault maps discovered:
D:1:      lightli_arrival_quake, layout_loops_corners
D:2:      layout_loops_corners, ebering_ecumenical_altar_hall
D:3:      layout_loops_ring, mainiacjoe_overflow_24_doors,
          mainiacjoe_overflow_chevrons, nicolae_ru_path_of_blood, uniq_natasha

Skill      XL: |  1  2 |
---------------+-------+-----
Axes           | 2 |  2.5
Fighting       | |  3.9
Armour         | |  3.8
Shields        | |  3.7

Action                   |  1- 3 |  4- 6 || total
-------------------------+-------+-------++-------
Melee: War axe           |   164 |     2 ||   166
  Use: Scroll            |     6 |       ||     6
Armor: Scale mail        |    92 |       ||    92
       Chain mail        |    12 |     1 ||    13
Dodge: Dodged            |    67 |       ||    67
Block: Buckler           |    34 |       ||    34

Table legend: (Time is in decaauts)
 A = Elapsed time spent in this place.
 B = Non-inter-level travel time spent in this place.
 C = Inter-level travel time spent in this place.
 D = Time resting spent in this place.
 E = Time spent auto-exploring this place.
 F = Levels seen in this place.
 G = Mean time per level.
                   A        B        C        D        E       F      G
               +--------+--------+--------+--------+--------+-----+--------+
         Total |   2644 |   2574 |     70 |    133 |   2001 |   3 |  881.3 |
       Dungeon |   2644 |   2574 |     70 |    133 |   2001 |   3 |  881.3 |
               +--------+--------+--------+--------+--------+-----+--------+

Top non-repeatable levels by time:
     D:1: 1125 daAuts
     D:2: 1098 daAuts
     D:3: 420 daAuts
